 Dungeon Sprint DCSS version 0.26-a0-1139-g7d2dc893a1 (webtiles) character file.

Game seed: 11862514186713444456

5197 Hipnos the Unseen (level 10, -6/39 HPs)
             Began as a Spriggan Enchanter on Dec 21, 2020.
             Was an Elder of Kikubaaqudgha.
             Shot with an arrow by a centaur warrior (14 damage)
             ... in the Dungeon (Sprint I: "Red Sonja").
             The game lasted 00:12:29 (2072 turns).

Hipnos the Unseen (Spriggan Enchanter)              Turns: 2072, Time: 00:12:31

Health: -6/39      AC:  2    Str: -1 (0)  XL:     10   Next: 34%
Magic:  17/17      EV: 24    Int: 13 (14) God:    Kikubaaqudgha [****..]
Gold:   461        SH:  0    Dex: 21      Spells: 10/28 levels left

rFire    . . .     SeeInvis +   a - +1 dagger
rCold    . . .     Faith    .   (shield restricted)
rNeg     . . .     Spirit   .   c - +1 robe {Will+}
rPois    .         Reflect  .   (helmet restricted)
rElec    .         Harm     .   (no cloak)
rCorr    .         Rampage  .   (gloves unavailable)
Will     ++...     Rnd*Rage +   (boots unavailable) Stlth +++++++++.NoTele +
                                (no amulet)
HPRegen  0.00/turn              j - ring "Urchaadas" {SInv Stlth+}
MPRegen  0.15/turn              k - +6 ring of dexterity

@: slowed, lost strength, quick
A: very small, unfitting armour, see invisible, berserk 3, clumsy 2, deformed
body, deterioration 2, dopey 2, speed 3, frail 3, low mp 3, mutation resistance
1, screaming 3, inhibited regeneration, weak 2, no potion heal 1, subdued magic
3
a: Renounce Religion, Receive Corpses


You were in the Dungeon.
You worshipped Kikubaaqudgha.
Kikubaaqudgha was greatly pleased with you.
You visited 1 branch You collected 758 gold pieces.
You spent 297 gold pieces at shops.

Inventory:

Hand Weapons
 a - a +1 dagger (weapon)
Armour
 b - a +0 robe
 c - a +1 robe of willpower (worn)
Jewellery
 j - the ring "Urchaadas" (left hand) {SInv Stlth+}
   (You bought it in a shop in the Dungeon)

   [ring of see invisible]

   It lets you see invisible.
   It makes you more stealthy.
 k - a +6 ring of dexterity (right hand)
Scrolls
 h - 3 scrolls of identify {unknown}
 i - 2 scrolls of blinking
Potions
 d - 4 potions of curing
 f - a potion of haste
 g - 2 potions of magic


   Skills:
 + Level 7.7 Fighting
 * Level 12.5 Short Blades
 + Level 7.4 Dodging
 * Level 20.2 Stealth
 + Level 9.7 Spellcasting
 - Level 9.6 Hexes
 * Level 5.0 Necromancy
 - Level 4.7 Ice Magic


You had 10 spell levels left.
You knew the following spells:

 Your Spells              Type           Power        Failure   Level
a - Corona                Hex            17%          1%          1
b - Ensorcelled Hibernat  Hex/Ice        26%          1%          2
c - Animate Dead          Necr           5%           8%          4
d - Borgnjor's Vile Clut  Necr/Erth      3%           63%         5
e - Death Channel         Necr           5%           86%         6

Your spell library contained the following spells:

 Spells                   Type           Power        Failure   Level
 Animate Skeleton         Necr           20%          1%          1
 Pain                     Necr           40%          1%          1
 Sublimation of Blood     Necr           5%           1%          2
 Confusing Touch          Hex            16%          1%          3
 Dazzling Flash           Conj/Hex       18%          1%          3
 Tukima's Dance           Hex            16%          1%          3
 Vampiric Draining        Necr           5%           1%          3
 Dispel Undead            Necr           10%          8%          4
 Excruciating Wounds      Necr           5%           26%         5


Dungeon Overview and Level Annotations

Branches:
Dungeon (1/1)

Altars:
Cheibriados
Dithmenos
Elyvilon
Fedhas
Gozag
Hepliaklqana
Kikubaaqudgha
Makhleb
Nemelex Xobeh
Okawaru
Qazlal
Ru
Sif Muna
Trog
Uskayaw
Vehumet
Wu Jian
Xom
Yredelemnul
Zin
The Shining One
Jiyva
Lugonu

Shops:
D *(=!=([


Innate Abilities, Weirdness & Mutations

You are very small and have problems with some larger weapons.
You are too small for most types of armour.
You have supernaturally acute eyesight. (SInv)
You cover ground extremely quickly.
You have an uncontrollable temper.
You are very clumsy. (Dex -4)
Armour fits poorly on your strangely shaped body.
Your body often deteriorates upon taking damage.
You are very dopey. (Int -4)
You are extremely frail. (-30% HP)
Your magical capacity is extremely low. (-30% MP)
You are somewhat resistant to further mutation.
You frequently scream uncontrollably at your foes.
You do not regenerate when monsters are visible.
You are very weak. (Str -4)
Potions are less effective at restoring your health.
Your spells are much easier to cast, but much less powerful.


Message History

Casting: Ensorcelled Hibernation (safe; 1% risk of failure)
Confirm with . or Enter, or press ? or * to list all spells.
Okay, then.
Your system partially rejects the healing.
You feel much better.
The centaur warrior shoots an arrow.
The arrow completely misses you.
The centaur warrior shoots an arrow.
The arrow hits you!!
Ouch! That really hurt!
* * * LOW HITPOINT WARNING * * *
Your body deteriorates!
You feel dopey.
The centaur warrior unwields a +0 shortbow.
The centaur warrior closely misses you.
Okay, then.
Your system partially rejects the healing.
You feel much better.
The centaur warrior shoots an arrow.
The arrow hits you!
* * * LOW HITPOINT WARNING * * *
The centaur warrior closely misses you. The centaur warrior misses you.
The centaur warrior shoots an arrow.
The arrow hits you!
You die...
Kikubaaqudgha rasps: "You have failed me!
Welcome... death!"

##################
<.#.)'..#.)'..#__#
..'..#.)'..#..'..+
..#####'#####'#__####
..####..#...#.####§(#
..#__####..##.#≈≈≈§§#
..#_____##'#_.+§§§c.+
⌠⌠#_.∩...'..._#§c§§.#
###_..__##_.#'##@####
#_____###'#.#§§§§###
###########.####§###.##
∩^.......'...'..[..'.∩#
##''''####.).##########
.......####.###
........#.#'#.#
..#.....#.....#
........#.....#


You could see 2 centaur warriors.

Vanquished Creatures
  Sonja (D)
  A deep troll (D)
  8 shining eyes (D)
  A slime creature (D)
  Sigmund (D)
  A yak (D)
  4 floating eyes (D)
  An ogre (D)
  A jelly (D)
  Ijyb (D)
  A ballistomycete spore (D)
21 creatures vanquished.

Vanquished Creatures (others)
  A gargoyle (D)
  A ballistomycete spore (D)
2 creatures vanquished.

Grand Total: 23 creatures vanquished

Notes
Turn   | Place    | Note
-------+----------+-------------------------------------------
     0 | D        | Hipnos the Spriggan Enchanter began the quest for the Orb.
     0 | D        | Reached XP level 1. HP: 9/9 MP: 5/5
     1 | D        | Noticed Ijyb
    28 | D        | Killed Ijyb
    29 | D        | Reached skill level 1 in Fighting
    29 | D        | Reached skill level 6 in Stealth
    29 | D        | Reached XP level 2. HP: 5/14 MP: 7/7
   283 | D        | Killed a gargoyle
   288 | D        | Learned a level 2 spell: Ensorcelled Hibernation
   289 | D        | Noticed an ogre
   292 | D        | Killed an ogre
   293 | D        | Reached skill level 9 in Stealth
   293 | D        | Reached XP level 3. HP: 19/19 MP: 7/9
   293 | D        | Reached XP level 4. HP: 23/23 MP: 8/11
   321 | D        | Noticed Sigmund
   329 | D        | Killed Sigmund
   330 | D        | Reached skill level 5 in Short Blades
   330 | D        | Reached skill level 5 in Dodging
   330 | D        | Reached skill level 11 in Stealth
   330 | D        | Reached skill level 5 in Spellcasting
   330 | D        | Reached skill level 1 in Ice Magic
   330 | D        | Reached XP level 5. HP: 26/29 MP: 1/13
   330 | D        | Reached XP level 6. HP: 30/33 MP: 1/14
   529 | D        | Found an ornate altar of the Wu Jian Council.
   529 | D        | Found a shimmering blue altar of Sif Muna.
   531 | D        | Found a radiant altar of Vehumet.
   540 | D        | Found Nustomov's Distillery.
   540 | D        | Found an ancient bone altar of Kikubaaqudgha.
   540 | D        | Found a hazy altar of Hepliaklqana.
   540 | D        | Found a stormy altar of Qazlal.
   540 | D        | Found a hide-covered altar of Uskayaw.
   540 | D        | Found a blossoming altar of Fedhas.
   540 | D        | Found a bloodstained altar of Trog.
   540 | D        | Found an iron altar of Okawaru.
   540 | D        | Found a basalt altar of Yredelemnul.
   540 | D        | Found a glowing golden altar of the Shining One.
   540 | D        | Found a snail-covered altar of Cheibriados.
   540 | D        | Found a sacrificial altar of Ru.
   540 | D        | Found a glowing silver altar of Zin.
   540 | D        | Found a shadowy altar of Dithmenos.
   540 | D        | Found a white marble altar of Elyvilon.
   540 | D        | Noticed a yak
   547 | D        | Killed a yak
   548 | D        | Reached skill level 12 in Stealth
   548 | D        | Found an opulent altar of Gozag.
   549 | D        | Found a sparkling altar of Nemelex Xobeh.
   741 | D        | Became a worshipper of Kikubaaqudgha
   780 | D        | Found a burning altar of Makhleb.
   780 | D        | Found a viscous altar of Jiyva.
   780 | D        | Found a shimmering altar of Xom.
   780 | D        | Found a corrupted altar of Lugonu.
   780 | D        | Noticed a slime creature
   785 | D        | Killed a slime creature
   786 | D        | Reached skill level 5 in Fighting
   786 | D        | Reached skill level 13 in Stealth
   786 | D        | Reached XP level 7. HP: 39/39 MP: 13/18
   824 | D        | Noticed Sonja
   828 | D        | Killed Sonja
   829 | D        | Reached skill level 14 in Stealth
   829 | D        | Reached XP level 8. HP: 44/44 MP: 18/20
  1009 | D        | Found Horhuh's Assorted Antiques.
  1055 | D        | Noticed a shining eye
  1055 | D        | Noticed a shining eye
  1055 | D        | Noticed a shining eye
  1055 | D        | Noticed a shining eye
  1055 | D        | Noticed a shining eye
  1055 | D        | Noticed a shining eye
  1062 | D        | Reached * piety under Kikubaaqudgha
  1062 | D        | Identified Kikubaaqudgha's Guide on Dark Arts
                  | (Kikubaaqudgha gifted it to you in the Dungeon)
  1062 | D        | Received a gift from Kikubaaqudgha
  1063 | D        | Reached skill level 15 in Stealth
  1064 | D        | Noticed a shining eye
  1064 | D        | Noticed a shining eye
  1065 | D        | Killed a shining eye
  1066 | D        | Reached skill level 16 in Stealth
  1068 | D        | Gained mutation: You are weak. (Str -2) [a shining eye]
  1071 | D        | Paralysed by a floating eye for 3 turns
  1074 | D        | Gained mutation: Your spells are a little easier to cast,
                  | but a little less powerful. [a shining eye]
  1078 | D        | Gained mutation: Your body sometimes deteriorates upon
                  | taking damage. [a shining eye]
  1083 | D        | Paralysed by a floating eye for 3 turns
  1085 | D        | Lost strength.
  1085 | D        | Gained mutation: You are very weak. (Str -4) [a shining
                  | eye]
  1086 | D        | Gained mutation: You do not regenerate when monsters are
                  | visible. [a shining eye]
  1088 | D        | Gained mutation: Your magical capacity is low. (-10% MP) [a
                  | shining eye]
  1095 | D        | Gained mutation: You are somewhat resistant to further
                  | mutation. [a shining eye]
  1096 | D        | Paralysed by a floating eye for 3 turns
  1103 | D        | Paralysed by a floating eye for 4 turns
  1112 | D        | Paralysed by a floating eye for 2 turns
  1127 | D        | Paralysed by a floating eye for 4 turns
  1127 | D        | Gained mutation: Your magical capacity is very low. (-20%
                  | MP) [a shining eye]
  1144 | D        | Paralysed by a floating eye for 4 turns
  1145 | D        | Gained mutation: You are frail. (-10% HP) [a shining eye]
  1154 | D        | Paralysed by a floating eye for 2 turns
  1163 | D        | Gained mutation: You are very frail. (-20% HP) [a shining
                  | eye]
  1168 | D        | Paralysed by a floating eye for 4 turns
  1176 | D        | Paralysed by a floating eye for 4 turns
  1183 | D        | Paralysed by a floating eye for 4 turns
  1196 | D        | Paralysed by a floating eye for 3 turns
  1207 | D        | Paralysed by a floating eye for 4 turns
  1219 | D        | Paralysed by a floating eye for 2 turns
  1220 | D        | Gained mutation: Your body often deteriorates upon taking
                  | damage. [a shining eye]
  1224 | D        | Gained mutation: You occasionally shout uncontrollably at
                  | your foes. [a shining eye]
  1230 | D        | Paralysed by a floating eye for 4 turns
  1232 | D        | Gained mutation: Your magical capacity is extremely low.
                  | (-30% MP) [a shining eye]
  1233 | D        | Lost mutation: You do not regenerate when monsters are
                  | visible. [a shining eye]
  1238 | D        | Gained mutation: You are dopey. (Int -2) [a shining eye]
  1244 | D        | Paralysed by a floating eye for 4 turns
  1263 | D        | Paralysed by a floating eye for 4 turns
  1267 | D        | Gained mutation: You are extremely frail. (-30% HP) [a
                  | shining eye]
  1277 | D        | Gained mutation: Potions are less effective at restoring
                  | your health. [a shining eye]
  1280 | D        | Paralysed by a floating eye for 4 turns
  1283 | D        | Gained mutation: You are very dopey. (Int -4) [a shining
                  | eye]
  1294 | D        | Paralysed by a floating eye for 4 turns
  1307 | D        | Paralysed by a floating eye for 2 turns
  1316 | D        | Paralysed by a floating eye for 2 turns
  1322 | D        | Gained mutation: You sometimes yell uncontrollably at your
                  | foes. [a shining eye]
  1323 | D        | Paralysed by a floating eye for 3 turns
  1330 | D        | Gained mutation: You are clumsy. (Dex -2) [a shining eye]
  1332 | D        | Paralysed by a floating eye for 4 turns
  1340 | D        | Gained mutation: You do not regenerate when monsters are
                  | visible. [a shining eye]
  1343 | D        | Paralysed by a floating eye for 3 turns
  1351 | D        | Paralysed by a floating eye for 3 turns
  1361 | D        | Paralysed by a floating eye for 3 turns
  1367 | D        | Paralysed by a floating eye for 2 turns
  1378 | D        | Gained mutation: You frequently scream uncontrollably at
                  | your foes. [a shining eye]
  1381 | D        | Paralysed by a floating eye for 3 turns
  1387 | D        | Gained mutation: You tend to lose your temper in combat. [a
                  | shining eye]
  1394 | D        | Paralysed by a floating eye for 4 turns
  1403 | D        | Gained mutation: You are very clumsy. (Dex -4) [a shining
                  | eye]
  1408 | D        | Killed a shining eye
  1409 | D        | Reached skill level 10 in Short Blades
  1409 | D        | Reached skill level 1 in Necromancy
  1409 | D        | Reached XP level 9. HP: 34/34 MP: 16/16
  1414 | D        | Paralysed by a floating eye for 4 turns
  1426 | D        | Paralysed by a floating eye for 3 turns
  1430 | D        | Gained mutation: You often lose your temper in combat. [a
                  | shining eye]
  1433 | D        | Paralysed by a floating eye for 3 turns
  1439 | D        | Paralysed by a floating eye for 3 turns
  1449 | D        | Paralysed by a floating eye for 4 turns
  1462 | D        | Paralysed by a floating eye for 4 turns
  1472 | D        | Paralysed by a floating eye for 2 turns
  1483 | D        | Gained mutation: Armour fits poorly on your strangely
                  | shaped body. [a shining eye]
  1483 | D        | Paralysed by a floating eye for 4 turns
  1495 | D        | Paralysed by a floating eye for 2 turns
  1509 | D        | Paralysed by a floating eye for 3 turns
  1519 | D        | Paralysed by a floating eye for 3 turns
  1530 | D        | Killed a shining eye
  1530 | D        | Reached ** piety under Kikubaaqudgha
  1531 | D        | Reached skill level 17 in Stealth
  1546 | D        | Gained mutation: Your spells are easier to cast, but less
                  | powerful. [a shining eye]
  1557 | D        | Gained mutation: Your spells are much easier to cast, but
                  | much less powerful. [a shining eye]
  1581 | D        | Killed a shining eye
  1595 | D        | Reached skill level 18 in Stealth
  1597 | D        | Killed a shining eye
  1597 | D        | Reached *** piety under Kikubaaqudgha
  1597 | D        | Identified Kikubaaqudgha's Grimoire of Darkness
                  | (Kikubaaqudgha gifted it to you in the Dungeon)
  1597 | D        | Received a gift from Kikubaaqudgha
  1601 | D        | Killed a shining eye
  1604 | D        | Reached skill level 19 in Stealth
  1604 | D        | Reached XP level 10. HP: 38/38 MP: 17/17
  1627 | D        | Gained mutation: You have an uncontrollable temper. [a
                  | shining eye]
  1639 | D        | Killed a shining eye
  1639 | D        | Reached **** piety under Kikubaaqudgha
  1653 | D        | Killed a shining eye
  1662 | D        | Found Ovaro's Jewellery Shop.
  1662 | D        | Found Xiwkyjasm's Weapon Shoppe.
  1662 | D        | Found Robiyno's Weapon Boutique.
  1662 | D        | Found Toujysan's Jewellery Emporium.
  1670 | D        | Learned a level 4 spell: Animate Dead
  1676 | D        | Learned a level 5 spell: Borgnjor's Vile Clutch
  1683 | D        | Learned a level 6 spell: Death Channel
  1686 | D        | Bought the ring "Urchaadas" {SInv Stlth+} for 297 gold
                  | pieces
  2022 | D        | Noticed a deep troll
  2026 | D        | Killed a deep troll
  2027 | D        | Reached skill level 20 in Stealth
  2027 | D        | Reached skill level 5 in Necromancy
  2038 | D        | Found Wewen's Armour Emporium.
  2067 | D        | Noticed a centaur warrior
  2069 | D        | Noticed a centaur warrior
  2072 | D        | Shot with an arrow by a centaur warrior

Illustrated notes

Levels and vault maps discovered:
D:        dungeon_sprint_1 [red_sonja_temple_1, red_sonja_temple_small_1]

Skill      XL: |  1  2  3  4  5  6  7  8  9 10 |
---------------+-------------------------------+-----
Fighting       | 1 2 3 5 6 7 |  7.7
Short Blades   | 2 3 5 7 8 10 11 12 | 12.5
Stealth        | 6 9 11 13 14 16 19 20 | 20.2
Spellcasting   | 3 4 5 6 7 8 9 |  9.7
Hexes          | 4 6 7 8 9 |  9.6
Dodging        | 4 5 6 7 |  7.4
Ice Magic      | 1 2 3 4 |  4.7
Necromancy     | 1 4 5 |  5.0

Action                   |  1- 3 |  4- 6 |  7- 9 | 10-12 || total
-------------------------+-------+-------+-------+-------++-------
Melee: Dagger            |    25 |     5 |   377 |    49 ||   456
 Cast: Ensorcelled Hiber |       |    10 |     4 |       ||    14
  Use: Potion            |     1 |       |       |     2 ||     3
 Stab: Sleeping          |     2 |     4 |     8 |     1 ||    15
Armor: Robe              |     1 |       |       |       ||     1
Dodge: Dodged            |    14 |     6 |       |     5 ||    25

Table legend: (Time is in decaauts)
 A = Elapsed time spent in this place.
 B = Non-inter-level travel time spent in this place.
 C = Inter-level travel time spent in this place.
 D = Time resting spent in this place.
 E = Time spent auto-exploring this place.
 F = Levels seen in this place.
 G = Mean time per level.
                   A        B        C        D        E       F      G
               +--------+--------+--------+--------+--------+-----+--------+
         Total |   2058 |   2058 |      0 |   1254 |      0 |   1 | 2058.0 |
       Dungeon |   2058 |   2058 |      0 |   1254 |      0 |   1 | 2058.0 |
               +--------+--------+--------+--------+--------+-----+--------+

Top non-repeatable levels by time:
       D: 2058 daAuts
